 Dungeon Crawl Stone Soup version 0.24.0-123-gd5b16e6ec5 (webtiles) character file.

Game seed: 182964944966774328, levelgen mode: deterministic

35 TwoFeet the Grave Robber (level 3, 0/26 HPs)
             Began as a Vampire Necromancer on Dec 28, 2019.
             Killed by nerve-wracking pain
             ... invoked by Jessica
              (11 damage)
             ... on level 3 of the Dungeon.
             The game lasted 00:08:35 (2182 turns).

TwoFeet the Grave Robber (Vampire Necromancer)      Turns: 2182, Time: 00:08:35

Health: 0/26       AC:  3    Str:  5 (7)  XL:     3   Next: 17%
Magic:  5/5        EV: 13    Int: 16 (18) God:
Gold:   87         SH:  0    Dex: 13 (14) Spells: 3/6 levels left

rFire    . . .     SeeInvis +   c - +0 short sword
rCold    . . .     Gourm    .   (no shield)
rNeg     . . .     Faith    .   a - +0 robe
rPois    .         Spirit   .   (no helmet)
rElec    .         Reflect  .   (no cloak)
rCorr    .         Harm     .   o - +0 pair of gloves (curse)
MR       .....                  (no boots)
Stlth    ++........             (no amulet)
HPRegen  0.28/turn              (no ring)
MPRegen  0.09/turn              (no ring)

@: flying, regenerating quickly, hasted, very quick
A: no food, fangs 3, talons 1, see invisible, low mp 1, unbreathing
a: Exsanguinate


You were on level 3 of the Dungeon.
You were alive.

You visited 1 branch of the dungeon, and saw 3 of its levels.

You collected 87 gold pieces.

Inventory:

Hand Weapons
 c - a +0 short sword (weapon)
Armour
 a - a +0 robe (worn)
 l - a +2 pair of boots
 n - a +0 leather armour
 o - a cursed +0 pair of gloves (worn)
Scrolls
 e - a scroll of immolation {unknown}
 g - 2 scrolls of identify {unknown}
 i - a scroll of enchant weapon {unknown}
 k - a scroll of enchant armour {unknown}
 m - a scroll of remove curse {unknown}
Potions
 b - a potion of mutation
 h - a potion of flight
Comestibles
 j - 2 rations


   Skills:
 + Level 1.3 Fighting
 - Level 2.4 Dodging
 - Level 3.0 Stealth
 - Level 2.0 Spellcasting
 + Level 0.4 Hexes
 * Level 5.0 Necromancy


You had 3 spell levels left.
You knew the following spells:

 Your Spells              Type           Power        Failure   Level  Hunger
a - Pain                  Necr           ###.         2%          1    N/A
b - Animate Skeleton      Necr           N/A          2%          1    N/A
c - Confusing Touch       Hex            #.....       17%         1    N/A

Your spell library contained the following spells:

 Spells                   Type           Power        Failure   Level  Hunger
 Vampiric Draining        Necr           ###.......   8%          3    N/A
 Regeneration             Chrm/Necr      #.........   22%         3    N/A
 Confuse                  Hex            #.......     45%         3    N/A
 Gell's Gravitas          Tloc           #.........   52%         3    N/A
 Animate Dead             Necr           N/A          26%         4    N/A
 Petrify                  Tmut/Erth      #.......     90%         4    N/A
 Metabolic Englaciation   Hex/Ice        #.........   99%         5    N/A
 Yara's Violent Unravell  Hex/Tmut       #.........   99%         5    N/A

Dungeon Overview and Level Annotations

Branches:
Dungeon (3/15)

Altars:

Annotations:
D:3 Jessica


Innate Abilities, Weirdness & Mutations

You do not eat.
Your natural rate of healing is unusually fast.
You have razor-sharp teeth.
You have supernaturally acute eyesight. (SInv)
You can survive without breathing.
You have sharp toenails.
Your magical capacity is low. (-10% MP)


Message History

It was a potion of degeneration.
There was something very wrong with that liquid.
You feel weakened.
You feel dopey.
You feel clumsy. The hobgoblin closely misses you.
Okay, then.
It was a potion of haste.
You feel yourself speed up. The quokka barely misses you.
The quokka closely misses you.
Jessica shouts, "You're disturbing me!
I'll have to kill you!"
A frilled lizard comes into view.
Found 21 arrows.
Found 12 gold pieces.
You see here 21 arrows.
Jessica gestures wildly while chanting.
Jessica blinks!
Okay, then.
Okay, then.
Found a flail and 13 gold pieces.
Jessica points at you and mumbles some strange words.
Pain shoots through your body!
You die...

+ #.# #. #.# . #.#
##.######### #.. #
##..#.##.#<.####.# .#
............†.##.##.###.
#####.##.#..#.##....$...
##.#.#.##.##@.....).
##....# ##........
##.#.# ##.##.####
######.#.##.##.# #
#.........$.##@# .#
#@####...#####.##.####
#g# #................
#.# #...##.....######
###.####...##.....#


You could see Jessica.

Vanquished Creatures
  A worm (D:1)
  A dart slug (D:2)
  2 leopard geckos
  A goblin (D:2)
  8 hobgoblins
  6 bats
  3 frilled lizards
  4 kobolds
  4 rats (D:2)
30 creatures vanquished.

Notes
Turn   | Place    | Note
-------+----------+-------------------------------------------
     0 | D:1      | TwoFeet the Vampire Necromancer began the quest for the
                  | Orb.
     0 | D:1      | Reached XP level 1. HP: 13/13 MP: 3/3
   555 | D:1      | Reached XP level 2. HP: 20/20 MP: 3/5
  1062 | D:2      | Reached skill level 1 in Fighting
  1338 | D:2      | Learned a level 1 spell: Animate Skeleton
  1341 | D:2      | Learned a level 1 spell: Confusing Touch
  1456 | D:2      | Reached skill level 5 in Necromancy
  1456 | D:2      | Reached XP level 3. HP: 25/26 MP: 3/6
  2129 | D:3      | Noticed Jessica
  2144 | D:3      | Gained mutation: Your magical capacity is low. (-10% MP)
                  | [potion of mutation]
  2144 | D:3      | Gained mutation: You have sharp toenails. [potion of
                  | mutation]
  2182 | D:3      | Killed from afar by Jessica

Levels and vault maps discovered:
D:1:      tarquinn_simple_flora_water_f, layout_loops_ring,
          corexii_item_surrounded_by_moat
D:2:      layout_loops_corners
D:3:      layout_loops_ring, grunt_temple_overflow_holy_war,
          nemelex_xobeh_ov_fountains_minmay, uniq_sigmund, uniq_jessica

Skill      XL: |  1  2 |
---------------+-------+-----
Fighting       | 1 |  1.3
Necromancy     | 5 |  5.0
Dodging        | |  2.4
Stealth        | |  3.0
Spellcasting   | |  2.0
Hexes          | |  0.4

Action                   || total
-------------------------++-------
Melee: Unarmed           ||     8
       Short sword       ||    57
       Bite              ||     6
 Cast: Pain              ||    32
       Confusing Touch   ||     1
  Use: Potion            ||     4
 Stab: Sleeping          ||     4
Armor: Robe              ||    10
Dodge: Dodged            ||    54
